 Dungeon Crawl Stone Soup version 0.30-a0-1066-g63dfefce0d (webtiles) character file.

Game seed: 11561944160593951146

980 Adrian566 the Cleaver (level 8, -2/67 HPs)
             Began as a Hill Orc Fighter on Apr 12, 2023.
             Was a Follower of Beogh.
             Slain by a gnoll
             ... wielding a +0 flail
             ... led by a gnoll sergeant
              (9 damage)
             ... on level 5 of the Dungeon.
             The game lasted 00:04:20 (5462 turns).

Adrian566 the Cleaver (Hill Orc Fighter)            Turns: 5462, Time: 00:04:20

Health: -2/67      AC:  8    Str: 18    XL:     8   Next: 17%
Magic:  8/8        EV:  9    Int:  7    God:    Beogh [*.....]
Gold:   191        SH:  0    Dex: 14    Spells: 7/7 levels left

rFire   . . .      SeeInvis .    a - +1 war axe
rCold   . . .      Faith    .    c - +0 buckler
rNeg    . . .      Spirit   .    b - +0 scale mail
rPois   .          Reflect  .    (helmet restricted)
rElec   .          Rampage  .    (no cloak)
rCorr   .                        (no gloves)
Will    .....                    o - +0 pair of boots Stlth
                                 (no amulet)
HPRegen 0.31/turn                (no ring)
MPRegen 0.11/turn                (no ring)

@: confused, ambrosia-drunk
A: horns 1, agile 1, weak 1
a: Renounce Religion


You were on level 5 of the Dungeon.
You worshipped Beogh.
Beogh was aware of your devotion.
You visited 2 branches of the dungeon, and saw 6 of its levels.

You collected 191 gold pieces.

Inventory:

Hand Weapons
 a - a +1 war axe (weapon)
Armour
 b - a +0 scale mail (worn)
 c - a +0 buckler (worn)
 o - a +0 pair of boots (worn)
 q - a +0 helmet
Jewellery
 g - a ring of protection from cold
Scrolls
 d - a scroll of magic mapping
 e - 2 scrolls of teleportation
 h - a scroll of immolation
 u - a scroll of poison
Potions
 k - 3 potions of cancellation
 n - a potion of degeneration {unknown}
 r - a potion of resistance {unknown}
 t - a potion of curing {unknown}


   Skills:
 + Level 4.9 Fighting
 * Level 10.0 Axes
 + Level 5.1 Armour
 + Level 1.3 Dodging
 + Level 0.3 Stealth
 + Level 3.8 Shields


You had 7 spell levels left.
You didn't know any spells.
Your spell library was empty.

Dungeon Overview and Level Annotations

Branches:
Dungeon (5/15)             Temple (1/1) D:5

Altars:
Ashenzari
Cheibriados
Dithmenos
Elyvilon
Fedhas
Gozag
Hepliaklqana
Kikubaaqudgha
Makhleb
Nemelex Xobeh
Okawaru
Qazlal
Ru
Sif Muna
Trog
Uskayaw
Vehumet
Wu Jian
Xom
Yredelemnul
Zin
The Shining One

Shops:
D:3 *


Innate Abilities, Weirdness & Mutations

You have a pair of small horns on your head.
You are agile. (Dex +4, Str/Int -1)
You are weak. (Str -2)


Message History

You kill the gnoll!
Beogh accepts your kill.
You hit the gnoll.
The gnoll sergeant hits you from afar with a +2 spear of flaming.
The gnoll sergeant burns you.
The gnoll hits you with a +0 whip of pain.
Your Axes skill increases to level 10!
You closely miss the gnoll.
The gnoll is moderately wounded.
The gnoll sergeant barely misses you. The gnoll barely misses you.
You hit the gnoll.
You headbutt the gnoll, but do no damage.
The gnoll is heavily wounded.
The gnoll barely misses you.
The gnoll sergeant completely misses you.
You closely miss the gnoll.
The gnoll is heavily wounded.
The gnoll sergeant hits you from afar with a +2 spear of flaming.
The gnoll sergeant burns you.
The gnoll hits you with a +0 whip of pain!
* * * LOW HITPOINT WARNING * * *
You slash the gnoll!
You kill the gnoll!
Beogh accepts your kill.
You hit the gnoll but do no damage. The gnoll barely misses you.
The gnoll sergeant hits you from afar with a +2 spear of flaming.
* * * LOW HITPOINT WARNING * * *
The gnoll sergeant burns you.
* * * LOW HITPOINT WARNING * * *
You barely miss the gnoll. The gnoll barely misses you.
The gnoll sergeant hits you from afar with a +2 spear of flaming!
* * * LOW HITPOINT WARNING * * *
The gnoll sergeant burns you.
* * * LOW HITPOINT WARNING * * *
You slash the gnoll!
The gnoll is almost dead.
The gnoll closely misses you. You block the gnoll sergeant's attack.
You are confused.
You feel invigorated. The gnoll hits you with a +0 flail!
You die...

....#'####......#########gg...###
....#....#......#......#gg.......
....#....#......#......#.........
....#....#......#......g.........
....#'####......#......#.........
........†.......#...#######....##
........†.......#...##.#####'####
...............)#.........#......
..............g)@.........#......
...............g#)........#......
................#.........#......
..........#######.........#......
..........#...............#......
..........'...g##.).#######..##..
..........#....##...###..##+###..
####......#........>)....... #...
#......#........)........ #...


You could see a gnoll sergeant and a gnoll.

Vanquished Creatures
  Grinder (D:3)
  An ice beast (D:5)
  An ogre (D:5)
  A centaur (D:5)
  A gnoll sergeant (D:5)
  A howler monkey (D:5)
  A jelly (D:5)
  A hound (D:4)
  A sleepcap (D:5)
  Jessica (D:3)
  Terence (D:3)
  An orc wizard (D:3)
  12 gnolls (D:5)
  7 adders
  A worm (D:5)
  A dart slug (D:1)
  11 orcs
  4 bats
  10 endoplasms
  4 giant cockroaches
  9 goblins
  6 hobgoblins
  5 jackals
  5 quokkas
  5 ball pythons
  2 frilled lizards
  8 kobolds
  8 rats
110 creatures vanquished.

Vanquished Creatures (others)
  30 fungi (D:4)
30 creatures vanquished.

Grand Total: 140 creatures vanquished

Notes
Turn   | Place    | Note
-------+----------+-------------------------------------------
     0 | D:1      | Adrian566 the Hill Orc Fighter began the quest for the Orb.
     0 | D:1      | Reached XP level 1. HP: 19/19 MP: 1/1
   172 | D:1      | Reached XP level 2. HP: 27/27 MP: 2/2
   194 | D:1      | Found a faded altar of an unknown god.
   197 | D:1      | Reached skill level 3 in Axes
   566 | D:1      | Reached XP level 3. HP: 28/33 MP: 3/3
  1209 | D:2      | Reached skill level 4 in Axes
  1347 | D:2      | Reached XP level 4. HP: 37/40 MP: 4/4
  1894 | D:2      | Gained mutation: You are weak. (Str -2) [potion of
                  | mutation]
  1894 | D:2      | Gained mutation: You are agile. (Dex +4, Str/Int -1)
                  | [potion of mutation]
  1894 | D:2      | Gained mutation: You have a pair of small horns on your
                  | head. [potion of mutation]
  1931 | D:3      | Found Jibuergh's General Store.
  1956 | D:3      | Noticed Terence
  1969 | D:3      | Killed Terence
  1970 | D:3      | Reached skill level 5 in Axes
  2160 | D:3      | Reached XP level 5. HP: 46/46 MP: 5/5
  2358 | D:3      | Noticed Grinder
  2385 | D:3      | Killed Grinder
  2386 | D:3      | Reached skill level 7 in Axes
  2386 | D:3      | Reached XP level 6. HP: 40/52 MP: 6/6
  2711 | D:3      | Became a worshipper of Beogh the Brigand
  2753 | D:3      | Noticed Jessica
  2759 | D:3      | Killed Jessica
  3115 | D:4      | Reached skill level 1 in Dodging
  3147 | D:4      | Found a glowing silver altar of Zin.
  3583 | D:4      | Found a sparkling altar of Nemelex Xobeh.
  3639 | D:5      | Entered Level 5 of the Dungeon
  3639 | D:5      | Found a staircase to the Ecumenical Temple.
  3654 | D:5      | Reached skill level 8 in Axes
  3654 | D:5      | Reached XP level 7. HP: 47/60 MP: 7/7
  3717 | Temple   | Entered the Ecumenical Temple
  4320 | D:5      | Reached skill level 9 in Axes
  4523 | D:5      | Reached * piety under Beogh
  5170 | D:5      | Reached skill level 5 in Armour
  5170 | D:5      | Reached XP level 8. HP: 20/67 MP: 8/8
  5456 | D:5      | Reached skill level 10 in Axes
  5460 | D:5      | HP: 3/67 [gnoll sergeant/+2 spear of flaming (1)]
  5462 | D:5      | Slain by a gnoll

Illustrated notes

Levels and vault maps discovered:
D:1:      lemuel_arrival_muddy, layout_basic, ebering_ecumenical_altar_petrified
D:2:      layout_basic, kennysheep_generic_room_15
D:3:      layout_loops_corners, serial_shops, shop_statue, uniq_terence,
          uniq_grinder, uniq_jessica
D:4:      layout_loops_ring, mainiacjoe_overflow_catch_the_wave,
          item_on_display_a
D:5:      layout_gridville, minmay_temple_entry_overgrown
Temple:   mainiacjoe_temple_big_plus

Skill      XL: |  1  2  3  4  5  6  7  8 |
---------------+-------------------------+-----
Axes           | 3 4 5 7 8 9 10 | 10.0
Armour         | 4 5 |  5.1
Fighting       | 4 |  4.9
Dodging        | 1 |  1.3
Stealth        | |  0.3
Shields        | |  3.8

Action                     |  1- 3 |  4- 6 |  7- 9 || total
---------------------------+-------+-------+-------++-------
  Melee: War axe           |   110 |   109 |    72 ||   291
         Headbutt          |       |    12 |    13 ||    25
 Invoke: Convert to Beogh  |       |     1 |       ||     1
    Use: Scroll            |       |     5 |     7 ||    12
         Potion            |       |     6 |     4 ||    10
 Armour: Scale mail        |    55 |    52 |    16 ||   123
  Dodge: Dodged            |    46 |    47 |    42 ||   135
  Block: Buckler           |    19 |    26 |    15 ||    60

Table legend: (Time is in decaauts)
 A = Elapsed time spent in this place.
 B = Non-inter-level travel time spent in this place.
 C = Inter-level travel time spent in this place.
 D = Time resting spent in this place.
 E = Time spent auto-exploring this place.
 F = Levels seen in this place.
 G = Mean time per level.
                   A        B        C        D        E       F      G
               +--------+--------+--------+--------+--------+-----+--------+
         Total |   5502 |   5286 |    216 |    442 |   4111 |   6 |  917.0 |
       Dungeon |   5076 |   4885 |    191 |    442 |   3719 |   5 | 1015.2 |
        Temple |    425 |    400 |     25 |      0 |    392 |   1 |  425.0 |
               +--------+--------+--------+--------+--------+-----+--------+

Top non-repeatable levels by time:
     D:4: 1270 daAuts
     D:3: 1037 daAuts
     D:1: 1018 daAuts
     D:2: 944 daAuts
     D:5: 804 daAuts
  Temple: 425 daAuts
